[Event "*** SCC Grand Prix: Titled Tuesday Blitz"]
[Site "Chess.com"]
[Date "2020.06.02"]
[Round "3"]
[White "PawnEatingZombie"]
[Black "Kildepiotr"]
[Result "0-1"]
[WhiteElo "2215"]
[BlackElo "2478"]
[TimeControl "180+1"]
[EndTime "10:29:20 PDT"]
[Termination "Kildepiotr won on time"]

1. d4 c5 2. d5 e5 3. e4 d6 4. Bb5+ Nd7 5. a4 Be7 6. Nf3 Nf6 7. Nbd2 O-O 8. O-O Ne8 9. Bd3 b6 10. Nc4 a6 11. b3 Bb7 12. Ne3 Nc7 13. c4 g6 14. Ng4 b5 15. axb5 axb5 16. Rxa8 Qxa8 17. Ng5 Nf6 18. Nh6+ Kg7 19. f4 bxc4 20. bxc4 Qa1 21.
fxe5 Qxe5 22. Kh1 Nce8 23. Qd2 Bc8 24. Bb2 Qxb2 25. Qxb2 Kxh6 26. Nf3 Nd7 27. e5 dxe5 28. Nxe5 Nxe5 29. Qxe5 Bd6 30. Qe3+ Kg7 31. Ra1 Nf6 32. Ra8 Re8 33. Qd2 Bd7 34. Rxe8 Bxe8 35. Qb2 Bd7 36. g3 h5 37. Qb7 Kf8 38. Kg2 Ke7 39. h3 Nh7 40.
Be2 Ng5 41. g4 h4 42. Kf2 Ne4+ 43. Kg2 Ng5 44. Bf3 Nxf3 45. Kxf3 g5 46. Qa7 f6 47. Qb7 Be5 0-1

[Event "*** SCC Grand Prix: Titled Tuesday Blitz"]
[Site "Chess.com"]
[Date "2020.06.02"]
[Round "3"]
[White "ftorodent"]
[Black "amintabatabaei"]
[Result "1-0"]
[WhiteElo "2680"]
[BlackElo "2922"]
[TimeControl "180+1"]
[EndTime "10:29:21 PDT"]
[Termination "ftorodent won by checkmate"]

1. d4 d5 2. c4 c6 3. cxd5 cxd5 4. Bf4 Nc6 5. e3 Nf6 6. Nc3 Bf5 7. Qb3 Na5 8. Qa4+ Bd7 9. Qc2 e6 10. Bd3 Rc8 11. Nf3 Bb4 12. O-O O-O 13. Qe2 h6 14. Rfc1 Nh5 15. Be5 f6 16. Bf4 g5 17. Bg3 Nxg3 18. hxg3 g4 19. Nh4 f5 20. Ng6 Re8 21. Nf4 Qg5 22. a3 Bxc3 23. bxc3 Nc4 24. Rab1 b6 25.
Rb4 a5 26. Rxc4 dxc4 27. Bxc4 Qe7 28. Rb1 Qd6 29. Bb5 Re7 30. Bxd7 Rxd7 31. Qa2 Kf7 32. c4 Kf6 33. Rb5 Qc7 34. Re5 Rd6 35. c5 bxc5 36. Rxc5 Qb7 37. Re5 Rc1+ 38. Kh2 Qc8 39. Qb2 Rc2 40. Qa1 Kf7 41. d5 exd5 42. Qd4 Qc5 43. Rxf5+ Ke7 44. Qg7+ Kd8 45. Rf8# 1-0

[Event "*** SCC Grand Prix: Titled Tuesday Blitz"]
[Site "Chess.com"]
[Date "2020.06.02"]
[Round "3"]
[White "GelmanAlexander"]
[Black "Gloomy_Wanderer"]
[Result "0-1"]
[WhiteElo "2560"]
[BlackElo "2768"]
[TimeControl "180+1"]
[EndTime "10:29:21 PDT"]
[Termination "Gloomy_Wanderer won on time"]

1. c4 Nf6 2. Nf3 e6 3. d3 d5 4. Nbd2 g6 5. e3 Bg7 6. Be2 O-O 7. O-O c5 8. a3 Nc6 9. Qc2 b6 10. cxd5 Nxd5 11. Ne4 Bb7 12. Bd2 Rc8 13. Rac1 Qd7 14.
Qb1 a5 15. Qc2 Rfd8 16. Rfd1 Ba6 17. Be1 h6 18. h3 Qa7 19. Bd2 Bb7 20. Be1 Rd7 21.
Bd2 Rcd8 22. Be1 Qa8 23. Bd2 Ba6 24. Be1 Nde7 25. Bc3 e5 26. b3 f5 27. Ng3 Qb8 28. Bb2 Qd6 29. Nf1 Qe6 30. Ng3 Kh7 31. Nf1 Bh8 32.
Ng3 Bg7 33. Nf1 e4 34. dxe4 Bxe2 35. Rxd7 Rxd7 36. Qxe2 fxe4 37. N3h2 Qxb3 38. Bxg7 Kxg7 39. Ng3 Qd3 40. Qg4 Ne5 41. Qf4 Nf7 42. Nxe4 Nd5 43. Qh4 Qxa3 44. Ng4 Qxc1+ 45. Kh2 Qb2 46. f4 h5 47.
Ngf2 Nf6 48. Ng3 Nh6 49. Qg5 Qxf2 50. f5 Nxf5 0-1

[Event "*** SCC Grand Prix: Titled Tuesday Blitz"]
[Site "Chess.com"]
[Date "2020.06.02"]
[Round "3"]
[White "Willychess95"]
[Black "NewBornNow"]
[Result "0-1"]
[WhiteElo "2496"]
[BlackElo "2696"]
[TimeControl "180+1"]
[EndTime "10:29:21 PDT"]
[Termination "NewBornNow won on time"]

1. e4 g6 2. d4 Bg7 3. Nc3 c6 4. Nf3 d6 5. Be2 Nf6 6. O-O O-O 7. h3 Nbd7 8. Bf4 Nh5 9. Be3 e5 10.
Qd2 Qe7 11. Rad1 Re8 12. Bg5 Ndf6 13. dxe5 dxe5 14. Bc4 b5 15. Bb3 b4 16. Na4 Nxe4 17.
Bxe7 Nxd2 18. Rxd2 Rxe7 19. Rd8+ Bf8 20. Ng5 Bb7 21. Nxf7 Rxd8 22. Nxd8+ Kh8 23. Nxb7 Rxb7 24. Rd1 Be7 25. Re1 Rd7 26. g3 Bd6 27. Rd1 Nf6 28. Be6 Rd8 29. Nc5 Be7 30. Rxd8+ Bxd8 31. Nd3 Bb6 32.
Nxe5 Ne4 33. Nxc6 Nxf2 34. Kg2 a5 35. c4 Nd3 36. a3 b3 37. a4 Bc7 38. Bd5 Nxb2 39. c5 Nxa4 40. Bxb3 Nxc5 41. Bc2 a4 42. Nd4 Be5 43. Nb5 Bb2 44. Bb1 a3 45. Ba2 Nd3 0-1

[Event "*** SCC Grand Prix: Titled Tuesday Blitz"]
[Site "Chess.com"]
[Date "2020.06.02"]
[Round "3"]
[White "Omk124"]
[Black "LiamVrolijk"]
[Result "0-1"]
[WhiteElo "2445"]
[BlackElo "2845"]
[TimeControl "180+1"]
[EndTime "10:29:21 PDT"]
[Termination "LiamVrolijk won by resignation"]

1. e4 c6 2. c4 d5 3. exd5 cxd5 4. cxd5 Nf6 5. Nc3 Nxd5 6. Nf3 g6 7. Qb3 Nb6 8. a4 Be6 9. Qb5+ Bd7 10. Qb3 Be6 11. Qb5+ Bd7 12. Qb3 Bc6 13. a5 N6d7 14. Bc4 e6 15. O-O Bg7 16. d4 O-O 17. Bg5 Bf6 18. Bxf6 Qxf6 19. Be2 Na6 20. Rfe1 Nc7 21. Rac1 Rab8 22. Ne4 Bxe4 23. Rxc7 Bc6 24. Bb5 Qd8 25. Rxd7 Qxd7 26. Bxc6 bxc6 27. Qc3 Qd5 28. Ne5 Rb3 29. Qc2 Rc8 30. Ng4 Kg7 31. Re5 Qxd4 32. Qxb3 Qxg4 33. Qc3 Kg8 34. h3 Qd1+ 35. Kh2 Qd6 36. g3 h5 37.
h4 c5 38. Re2 Rb8 39. Rc2 Rb5 40. b3 Qd4 41. Qxd4 cxd4 42. Rd2 e5 43. Kg2 Rxa5 44.
Kf3 f5 45. Ke2 Rb5 46. Ra2 Rxb3 47. Rxa7 e4 48. Ra4 Rb2+ 49. Ke1 d3 50. Ra7 Re2+ 51. Kf1 Rc2 52. Ke1 Rc8 53. Kd2 Rc2+ 54. Ke1 Kf8 55. Rc7 Rxc7 0-1

[Event "*** SCC Grand Prix: Titled Tuesday Blitz"]
[Site "Chess.com"]
[Date "2020.06.02"]
[Round "3"]
[White "ram1zan"]
[Black "PavelShkapenko"]
[Result "1-0"]
[WhiteElo "2856"]
[BlackElo "2638"]
[TimeControl "180+1"]
[EndTime "10:29:22 PDT"]
[Termination "ram1zan won by checkmate"]

1. e4 c5 2. Nc3 a6 3. f4 b5 4. Nf3 Bb7 5. d3 e6 6. g3 Nf6 7. Bg2 d5 8. e5 Ng8 9. O-O Nc6 10. Qe1 Nh6 11. Ne2 Be7 12. c3 Nf5 13. g4 Nh4 14.
Nxh4 Bxh4 15. Ng3 h5 16. g5 Ne7 17. Be3 Bxg3 18. hxg3 Qc7 19. Bf2 Nf5 20. Kh2 g6 21.
b4 c4 22. Bc5 cxd3 23. Rd1 h4 24. g4 Ng3 25. Rg1 Ne4 26. Bd4 Qc4 27. Bf1 Qxa2+ 28. Rg2 d2 29. Rgxd2 Nxd2 30. Rxd2 Qb3 31. Bd3 Bc6 32. f5 gxf5 33. gxf5 Kd7 34. g6 fxg6 35.
fxe6+ Kc7 36. Qa1 a5 37. bxa5 Qa4 38. Qf1 Raf8 39. Rf2 Qa3 40. Rf7+ Kb8 41. a6 Be8 42. Rf6 Rfg8 43. a7+ Ka8 44. Qf3 Bc6 45. e7 Bb7 46. Rf8+ Bc8 47. Qxd5# 1-0

[Event "*** SCC Grand Prix: Titled Tuesday Blitz"]
[Site "Chess.com"]
[Date "2020.06.02"]
[Round "3"]
[White "FMJoseHerrera"]
[Black "ViIIagra"]
[Result "1-0"]
[WhiteElo "2653"]
[BlackElo "2835"]
[TimeControl "180+1"]
[EndTime "10:29:22 PDT"]
[Termination "FMJoseHerrera won by resignation"]

1. Nf3 d5 2. g3 Nd7 3. Bg2 e5 4. O-O Bd6 5. c4 d4 6. b4 Bxb4 7. Nxe5 Ngf6 8. Nf3 c5 9. e3 dxe3 10.
dxe3 O-O 11. Bb2 Nb6 12. Qc2 h6 13. Rd1 Qe7 14. Nbd2 Bd7 15. Nb3 Ba4 16. Nh4 Rad8 17. Nf5 Qe6 18. Bh3 Qxc4 19. Nxh6+ gxh6 20. Qf5 Bc3 21. Rdc1 Bxb2 22. Rxc4 Nxc4 23. Rb1 Bd7 24. Qc2 Bxh3 25. Qxc4 Be5 26. Qh4 Bf5 27. Rc1 b6 28. Qxh6 Bg6 29. Qg5 Rfe8 30. h4 Ne4 31. Qg4 Kh8 32.
h5 Bh7 33. Rd1 Nf6 34. Rxd8 Rxd8 35. Qg5 Re8 36. h6 Ne4 37. Qg4 Bf6 38. Qd7 Rf8 39.
Qxa7 Ng5 40. Qxb6 Bb2 41. Qxc5 Ne6 42. Qe7 Kg8 43. Nd4 Bxd4 44. exd4 Nxd4 45. Qg5+ Bg6 46. Qf6 Ne6 47. a4 Kh7 48. g4 Kxh6 49. f4 Rc8 50. f5 Nf8 51. g5+ Kh7 52. fxg6+ Nxg6 53. Qxf7+ 1-0

[Event "*** SCC Grand Prix: Titled Tuesday Blitz"]
[Site "Chess.com"]
[Date "2020.06.02"]
[Round "3"]
[White "Rish_97"]
[Black "Shota_Azaladze"]
[Result "0-1"]
[WhiteElo "2634"]
[BlackElo "2843"]
[TimeControl "180+1"]
[EndTime "10:29:22 PDT"]
[Termination "Shota_Azaladze won by resignation"]

1. Nf3 g6 2. d4 Bg7 3. g3 d6 4.
Bg2 e5 5. O-O Nc6 6. dxe5 dxe5 7. Qxd8+ Nxd8 8. Nc3 c6 9. a4 f6 10.
a5 Bf5 11. e4 Bg4 12. Be3 Bh6 13. Bxh6 Nxh6 14. Nd2 Nhf7 15. Nb3 Kd7 16. Nc5+ Kc7 17. h3 Bc8 18. f4 Ne6 19. Nd3 exf4 20. gxf4 Nd4 21.
Rac1 b6 22. Kf2 Re8 23. Ke3 Nf5+ 24. Kf2 Nh4 25. Bh1 Re7 26. Kg3 g5 27. e5 Nf5+ 28.
Kh2 fxe5 29. fxg5 N5d6 30. h4 Bf5 31. Rce1 Rae8 32. Ne4 Nxe4 33. Bxe4 Bxe4 34. Rxe4 Nd6 35. Re2 e4 36. Nf4 bxa5 37. Nh5 Rb8 38. b3 a4 39. bxa4 Rb4 40. a5 e3 41. Rf4 Rxf4 42. Nxf4 Nf5 43. h5 Re4 44. Ng2 Kd6 45. g6 hxg6 46. hxg6 Kc5 47. Kg1 Rg4 48. Kf1 Ng3+ 0-1

[Event "*** SCC Grand Prix: Titled Tuesday Blitz"]
[Site "Chess.com"]
[Date "2020.06.02"]
[Round "3"]
[White "GMSrinath"]
[Black "AcostaPablo"]
[Result "1-0"]
[WhiteElo "2804"]
[BlackElo "2607"]
[TimeControl "180+1"]
[EndTime "10:29:22 PDT"]
[Termination "GMSrinath won by resignation"]

1. Nf3 Nf6 2. c4 c5 3. g3 e6 4.
Bg2 d5 5. cxd5 Nxd5 6. O-O Nc6 7.
Nc3 Be7 8. d4 Nxc3 9. bxc3 O-O 10. Bf4 Qa5 11. Qb3 Qa6 12. Rfe1 Rd8 13. e3 Na5 14. Qc2 Bd7 15. Ng5 Bxg5 16. Bxg5 f6 17. Bf4 Rac8 18. Rab1 Bc6 19. Bf1 c4 20. e4 b5 21.
Rbd1 Qb7 22. Bh3 Bd7 23. Bg2 Qb6 24. e5 Bc6 25. exf6 Bxg2 26. Kxg2 gxf6 27. Qe2 Re8 28. Kg1 Kh8 29. Qh5 Qb7 30. Bh6 Qd7 31. Re4 Nc6 32.
Rde1 Re7 33. Qh4 Rf7 34. Rxe6 Rg8 35. Rxf6 b4 36. Rxf7 Qxf7 37. Qe4 Qf6 38. Bf4 bxc3 39. d5 Qg6 40. dxc6 Qxe4 41. Rxe4 Rd8 42. Rxc4 Rc8 43. Rxc3 Kg7 44. c7 Kf7 45. Rd3 Ke7 46. Rd8 Rxd8 47.
Bg5+ Ke6 48. cxd8=Q Kf5 49. Bf4 Kg4 1-0

[Event "*** SCC Grand Prix: Titled Tuesday Blitz"]
[Site "Chess.com"]
[Date "2020.06.02"]
[Round "3"]
[White "checkmatequen"]
[Black "CrushingKings"]
[Result "0-1"]
[WhiteElo "2268"]
[BlackElo "2499"]
[TimeControl "180+1"]
[EndTime "10:29:22 PDT"]
[Termination "CrushingKings won by checkmate"]

1. e4 g6 2. d4 Bg7 3. Nc3 c6 4. Be3 d5 5. Nf3 Nh6 6. Bd3 f6 7. O-O Nf7 8. exd5 cxd5 9. Bb5+ Nc6 10. Ne2 O-O 11. c4 a6 12. cxd5 axb5 13. dxc6 bxc6 14. Qc2 Qd5 15. Nf4 Qd6 16. Rfd1 Bf5 17. Qe2 Be4 18.
a3 Rfd8 19. Rac1 Rac8 20. Nd2 Bd5 21. Nxd5 Qxd5 22. Rc5 Qe6 23. Qf3 Rd5 24. Rdc1 Rxc5 25. Rxc5 Qd7 26. Nb3 e5 27. h3 Bf8 28. Rc1 f5 29.
dxe5 Nxe5 30. Qe2 Qd3 31. Qxd3 Nxd3 32. Rc3 Nxb2 33. Nd4 Nc4 34. Bf4 Bg7 35. Rd3 Rd8 36.
Be3 Nxe3 37. fxe3 c5 38. Kf1 cxd4 39. exd4 Rxd4 40. Rb3 Rd5 41. Ke2 Bf8 42. Kf3 Kf7 43. g4 Ke6 44. gxf5+ gxf5 45. Kf4 h6 46. h4 Bd6+ 47. Kf3 Ke5 48. h5 Kf6 49. Kg2 Kg5 50.
Kh3 Kxh5 51. Rf3 Kg5 52. Rb3 f4 53. Rf3 Re5 54. a4 Re3 55. Rxe3 fxe3 56. axb5 e2 57. b6 e1=Q 58. b7 Qg3# 0-1

[Event "*** SCC Grand Prix: Titled Tuesday Blitz"]
[Site "Chess.com"]
[Date "2020.06.02"]
[Round "3"]
[White "Grischuk"]
[Black "superchess02"]
[Result "1-0"]
[WhiteElo "3109"]
[BlackElo "2711"]
[TimeControl "180+1"]
[EndTime "10:29:23 PDT"]
[Termination "Grischuk won on time"]

1. Nf3 Nf6 2. c4 b6 3. d4 Bb7 4. g3 e6 5. Bg2 Bb4+ 6. Bd2 Be7 7. Nc3 O-O 8. Qc2 d5 9. cxd5 exd5 10. O-O c5 11. Rad1 Nbd7 12. dxc5 bxc5 13. Nh4 Re8 14. Nf5 g6 15. Nxe7+ Qxe7 16. Bg5 Qe5 17. Bf4 Qe6 18. Nb5 Qxe2 19. Qxe2 Rxe2 20. Nc7 Rc8 21. Nxd5 Bxd5 22.
Bxd5 Rxb2 23. Bc4 Rb4 24. Rc1 Nb6 25. Ba6 Rc6 26. Bb7 Re6 27. Rxc5 Rb2 28. h3 Kg7 29. Bf3 Rxa2 30. g4 Nfd7 31. Rc7 Rf6 32. Bc6 Rxf4 33. Bxd7 a5 34. Kg2 a4 35. Kg3 Rb4 36. Be6 Ra3+ 37. f3 Kh6 38. Bxf7 1-0

[Event "*** SCC Grand Prix: Titled Tuesday Blitz"]
[Site "Chess.com"]
[Date "2020.06.02"]
[Round "3"]
[White "Stewie_89"]
[Black "A-Adly"]
[Result "0-1"]
[WhiteElo "2632"]
[BlackElo "2836"]
[TimeControl "180+1"]
[EndTime "10:29:24 PDT"]
[Termination "A-Adly won by resignation"]

1. e4 c6 2. d4 d5 3. Nd2 dxe4 4. Nxe4 Nd7 5. Nf3 Ndf6 6. Nxf6+ Nxf6 7. Ne5 Bf5 8. c3 e6 9. g4 Bg6 10. h4 Nd7 11.
Nxd7 Qxd7 12. h5 Be4 13. f3 Bd5 14. c4 Bxf3 15. Qxf3 Qxd4 16. Be2 Bc5 17. Qf4 O-O-O 18. Qxd4 Bxd4 19. Rb1 f5 20. Bd2 Rhf8 21. Rf1 Bf6 22.
g5 Be5 23. Bf4 Bd4 24. Rd1 Bxb2 25. Rxd8+ Rxd8 26. Kf2 e5 27. Be3 f4 28. Bxa7 Kc7 29. c5 Rd2 30. Bb6+ Kd7 31. Rd1 Bd4+ 32. Kf3 Rxa2 33.
Bd3 h6 34. gxh6 gxh6 35. Ke4 Ke7 36. Kf5 f3 37. Kg6 Rg2+ 38. Kxh6 Rg4 39. Rf1 e4 40. Bxe4 Rxe4 41. Rxf3 Rg4 42. Rd3 Ke6 43. Bc7 Bxc5 44.
Rg3 Rxg3 45. Bxg3 Be3+ 46. Kg6 b5 47. Bh4 b4 48. Bg5 b3 49. Bf6 Bc1 50. h6 b2 51.
Bxb2 Bxb2 52. Kh7 c5 53. Kg6 c4 54. h7 Be5 55. Kg5 c3 0-1

[Event "*** SCC Grand Prix: Titled Tuesday Blitz"]
[Site "Chess.com"]
[Date "2020.06.02"]
[Round "3"]
[White "x-0414717230"]
[Black "LittlePeasant"]
[Result "1/2-1/2"]
[WhiteElo "2611"]
[BlackElo "2781"]
[TimeControl "180+1"]
[EndTime "10:29:24 PDT"]
[Termination "Game drawn by agreement"]

1. d4 Nf6 2. b3 d5 3. Nf3 Bg4 4. Bb2 e6 5. e3 Nbd7 6. Nbd2 c6 7. h3 Bh5 8. Bd3 Bd6 9. O-O Qc7 10. Re1 O-O 11. c4 Rfe8 12. Qc2 Bg6 13. e4 dxe4 14. Nxe4 Nxe4 15. Bxe4 Bxe4 16. Rxe4 Qa5 17. Rh4 Nf8 18.
a3 Be7 19. Re4 Rad8 20. c5 Bf6 21. b4 Qc7 22. Rae1 Rd5 23. Bc1 Ng6 24. h4 Red8 25. Be3 a5 26. g3 axb4 27. axb4 Ra8 28. Kg2 h6 29. Qb3 Qd7 30. b5 Ne7 31. bxc6 bxc6 32. g4 Ng6 33. g5 hxg5 34. hxg5 Be7 35. Rh1 Rf5 36. Rg4 Qd5 37. Qxd5 Rxd5 38. Rb1 Rc8 39. Rg3 Bd8 40. Rh3 Kf8 41. Rhh1 Ke7 42. Rb7+ Rc7 43.
Rb8 Rdd7 44. Rhb1 Ra7 45. Rc8 Rdc7 46. Rcb8 Kd7 47. Nd2 Rc8 48. R8b3 Bc7 49. Nc4 Ra4 50. Rb4 Rxb4 51. Rxb4 Ne7 52. Rb7 Kd8 53. Kf3 Rb8 54. Rxb8+ Bxb8 55. Bf4 Bxf4 56. Kxf4 f6 57. gxf6 gxf6 58.
Ke4 Kd7 59. Nb6+ Kc7 60. Nc4 Kd7 61. Ne3 Kc7 62. Kd3 Kd7 63. Ng4 Nd5 64. Nh2 1/2-1/2

[Event "*** SCC Grand Prix: Titled Tuesday Blitz"]
[Site "Chess.com"]
[Date "2020.06.02"]
[Round "3"]
[White "plumalka"]
[Black "PavlovDanila"]
[Result "0-1"]
[WhiteElo "2400"]
[BlackElo "2629"]
[TimeControl "180+1"]
[EndTime "10:29:24 PDT"]
[Termination "PavlovDanila won by resignation"]

1. e4 e6 2. d4 d5 3. Nc3 Nf6 4. Bg5 Be7 5. e5 Nfd7 6. h4 Bxg5 7. hxg5 Qxg5 8. Qd3 g6 9. Nf3 Qe7 10. O-O-O a6 11. Qe3 c5 12. dxc5 Nc6 13. Rh6 Qxc5 14. Qf4 Qxf2 15. Bd3 Ncxe5 16. Rdh1 Nxd3+ 17. cxd3 Nc5 18. Qd4 Qxd4 19. Nxd4 Nxd3+ 20. Kc2 Nb4+ 21. Kb3 Nc6 22. Nf3 Bd7 23. Ng5 Ke7 24. Re1 Kf6 25.
Nxh7+ Kg7 26. Reh1 Nd4+ 27. Ka3 Nc2+ 28. Kb3 Nd4+ 29.
Ka3 Nf5 30. R6h3 f6 31. g4 Nd4 32. b3 Rac8 33. Kb2 b5 34. R1h2 b4 35. Nd1 e5 36.
Rh4 g5 37. Rh6 Bxg4 38. Ne3 Bf5 39. Nxd5 Rxh7 40. Rxh7+ Bxh7 41. Nxf6 Kxf6 42. Rxh7 Rc2+ 43. Kb1 Rc6 44. Rh6+ Kf5 45. Rh7 g4 46. a4 Rg6 47.
Rf7+ Ke4 48. a5 g3 49. Ka2 g2 50. Rf2 g1=Q 51. Rd2 Rg2 0-1

[Event "*** SCC Grand Prix: Titled Tuesday Blitz"]
[Site "Chess.com"]
[Date "2020.06.02"]
[Round "3"]
[White "ElGasanov"]
[Black "sotochess"]
[Result "1-0"]
[WhiteElo "2734"]
[BlackElo "2233"]
[TimeControl "180+1"]
[EndTime "10:29:24 PDT"]
[Termination "ElGasanov won on time"]

1. d4 Nf6 2. Nf3 g6 3. Bg5 Bg7 4.
e3 d6 5. c4 Nbd7 6. Nc3 b6 7.
Be2 Bb7 8. Qc2 O-O 9. O-O Re8 10. Rfd1 a6 11. b4 e5 12. h3 exd4 13. exd4 a5 14. a3 Qc8 15. b5 Ne4 16. Nxe4 Bxe4 17. Qd2 Nf8 18. Bh6 Bh8 19. Rac1 Ne6 20. Be3 Qd7 21. Re1 d5 22. Ne5 Bxe5 23. dxe5 d4 24. Bh6 Qe7 25. Bg4 Bf5 26. Bxf5 gxf5 27. Qd3 Qh4 28. Bd2 Qh5 29.
Rcd1 Rad8 30. Bc1 Kh8 31. Qe2 Qh4 32. Kh2 Rg8 33. g3 Qe7 34. Qf3 Rg5 35. h4 Rg4 36. Qxf5 Rxh4+ 37. gxh4 Qxh4+ 38. Kg2 Rg8+ 39. Kf1 d3 40.
Qf6+ Qxf6 41. exf6 1-0

[Event "*** SCC Grand Prix: Titled Tuesday Blitz"]
[Site "Chess.com"]
[Date "2020.06.02"]
[Round "3"]
[White "evgchess5"]
[Black "Majesth"]
[Result "1-0"]
[WhiteElo "2846"]
[BlackElo "2445"]
[TimeControl "180+1"]
[EndTime "10:29:25 PDT"]
[Termination "evgchess5 won on time"]

1. e4 e6 2. d4 d5 3. Bd3 c5 4.
exd5 exd5 5. Nf3 Nf6 6. O-O Nc6 7. Re1+ Be6 8. Bf5 Qd7 9. Qe2 cxd4 10. Ng5 Nd8 11. Nd2 Be7 12. Bxe6 Nxe6 13. Nxe6 Qxe6 14. Qxe6 fxe6 15. Nb3 Kf7 16. Nxd4 Ne4 17. f3 Bc5 18. Be3 Bxd4 19. Bxd4 Nd6 20. Re2 Rhe8 21. Rae1 b6 22. c3 Rac8 23. g4 g6 24. Kg2 Nb5 25. Be5 Rc6 26.
h4 Nd6 27. Kg3 Nc4 28. Bd4 a6 29. Kf4 Nd6 30. Rh1 b5 31. h5 Ke7 32. hxg6 hxg6 33. Rh7+ Nf7 34. Rg7 a5 35. Kg3 g5 36. Rh2 b4 37.
Rhh7 Rf8 38. Rg6 bxc3 39. bxc3 Kd7 40. Rxg5 e5 41. Rxe5 Rd6 42. Rf5 Ke8 43. Bc5 1-0

[Event "*** SCC Grand Prix: Titled Tuesday Blitz"]
[Site "Chess.com"]
[Date "2020.06.02"]
[Round "3"]
[White "ARMQUEEN"]
[Black "Juanovic"]
[Result "1-0"]
[WhiteElo "2331"]
[BlackElo "2114"]
[TimeControl "180+1"]
[EndTime "10:29:25 PDT"]
[Termination "ARMQUEEN won by resignation"]

1. e4 c5 2. Nc3 d6 3. d4 cxd4 4. Qxd4 Nc6 5. Qd2 g6 6. b3 Bg7 7. Bb2 Nf6 8. O-O-O O-O 9. f3 a5 10. a4 Nd7 11. h4 Nc5 12. h5 Be6 13. Kb1 Nb4 14.
hxg6 hxg6 15. Qg5 Re8 16. Qh4 f6 17. Nge2 Kf7 18. Nf4 Rh8 19. Qg3 Rxh1 20. Qxg6+ Kf8 21. Nh5 Rxh5 22. Qxh5 Bf7 23. Qh3 Qc8 24. g4 Ne6 25.
Bb5 Ng5 26. Qg3 Qc5 27. f4 Nxe4 28. Qf3 Nxc3+ 29. Bxc3 Rc8 30. Kb2 Bd5 31. Qh3 Be4 32. f5 Bxc2 33. Rh1 Bd3 34. Bxb4 Qc2+ 35. Ka1 axb4 36. Qxd3 Qxd3 37. Bxd3 Rc3 38. Bc4 e6 39.
Rd1 d5 40. Bb5 exf5 41. gxf5 Rxb3 42. Rxd5 Bh6 43. Rd3 Rxd3 44. Bxd3 b6 45. Kb2 Ke7 46.
Kb3 Bd2 47. Kc4 Kd6 48. Kb5 b3 49. Kxb6 b2 50. a5 Be3+ 51. Kb7 Ke5 52. a6 Kd4 53. Bb1 Kc3 54. a7 Bxa7 55. Kxa7 Kd2 56. Kb6 Kc1 57. Be4 b1=Q+ 58. Bxb1 Kxb1 59. Kc5 Kc2 60. Kd5 Kd3 61. Ke6 Kc4 62. Kxf6 1-0

[Event "*** SCC Grand Prix: Titled Tuesday Blitz"]
[Site "Chess.com"]
[Date "2020.06.02"]
[Round "3"]
[White "nonsopolo1"]
[Black "Shockerlover"]
[Result "1-0"]
[WhiteElo "2239"]
[BlackElo "1702"]
[TimeControl "180+1"]
[EndTime "10:29:26 PDT"]
[Termination "nonsopolo1 won by checkmate"]

1. e4 c5 2. Nf3 d6 3. d4 cxd4 4. Nxd4 Nc6 5. Nc3 g6 6. Be3 Bg7 7. Be2 a6 8. O-O Nf6 9. Nb3 O-O 10. Kh1 b5 11. a3 Be6 12. f4 Rc8 13. Bf3 Bc4 14. Re1 Nd7 15. Nd4 Nxd4 16. Bxd4 e5 17. Be3 Nc5 18. Qd2 Ne6 19. f5 Nd4 20. b3 Bxb3 21. cxb3 Nxb3 22. Qb2 Nxa1 23. Rxa1 Qc7 24. Rc1 Qa5 25. Bd2 Qb6 26. Nd5 Rxc1+ 27. Qxc1 Qd4 28. f6 Bxf6 29. Nxf6+ Kg7 30. Nd5 Rb8 31. Bh6+ Kg8 32. h3 Qf2 33. Qg5 Rc8 34. Ne7+ Kh8 35. Qf6# 1-0

[Event "*** SCC Grand Prix: Titled Tuesday Blitz"]
[Site "Chess.com"]
[Date "2020.06.02"]
[Round "3"]
[White "mishikomchedlishvili"]
[Black "Violord"]
[Result "1/2-1/2"]
[WhiteElo "2779"]
[BlackElo "2607"]
[TimeControl "180+1"]
[EndTime "10:29:27 PDT"]
[Termination "Game drawn by repetition"]

1. d4 Nf6 2. Bg5 Ne4 3. Bf4 d5 4. e3 c5 5. Bd3 cxd4 6. exd4 Nc6 7. Bxe4 dxe4 8. d5 e5 9. Bg3 Ne7 10. Nc3 f6 11. Nge2 Ng6 12. h4 Bf5 13. h5 Ne7 14. Qd2 Nc8 15. Bh4 Nd6 16. Ng3 Qd7 17. O-O-O Rc8 18.
Nxf5 Qxf5 19. Qe2 Rxc3 20. bxc3 Qc8 21. Kb1 Qxc3 22. Rh3 Qc7 23. f3 e3 24. Qxe3 Nc4 25.
Qb3 Bd6 26. h6 g5 27. Be1 O-O 28. Bb4 Rd8 29. Rhh1 a5 30. Bxd6 Rxd6 31. Ka1 Kf7 32. Qd3 Kf8 33. Rb1 b6 34. Rhd1 Qc5 35. Qxh7 Ne3 36.
Qg7+ Ke8 37. Qg8+ Kd7 38. Qf7+ Kc8 39. Rb2 Nxd1 40. h7 Rd8 41. Rb3 Qd4+ 42. Kb1 Nc3+ 43.
Rxc3+ Qxc3 44. Qxf6 Qb4+ 45. Ka1 Qd4+ 46. Kb1 Qd1+ 47.
Kb2 Qd4+ 48. Kb1 Qb4+ 49. Ka1 Qd4+ 50. Kb1 1/2-1/2

[Event "*** SCC Grand Prix: Titled Tuesday Blitz"]
[Site "Chess.com"]
[Date "2020.06.02"]
[Round "3"]
[White "Sergey85Rodchenkov"]
[Black "VMikhalevski"]
[Result "0-1"]
[WhiteElo "2531"]
[BlackElo "2749"]
[TimeControl "180+1"]
[EndTime "10:29:27 PDT"]
[Termination "VMikhalevski won by resignation"]

1. e4 e5 2. Nf3 Nc6 3. Bc4 Bc5 4. c3 Nf6 5. d3 O-O 6. O-O d6 7. Nbd2 a5 8. a4 Re8 9. h3 Be6 10. Re1 h6 11. Bxe6 Rxe6 12. Nc4 d5 13. exd5 Qxd5 14. Be3 Bf8 15. Qb3 Qxd3 16. Rad1 Qf5 17. Qxb7 Rae8 18. Qxc7 Ne4 19. Rd5 R8e7 20. Qc8 Re8 21. Qb7 R8e7 22. Rd7 Rg6 23. Nh4 Qxd7 24. Qxd7 Rxd7 25.
Nxg6 fxg6 26. Bb6 Nc5 27. Nxe5 Re7 28. Nf3 Rxe1+ 29. Nxe1 Kf7 30. Bxc5 Bxc5 31. Nd3 Bd6 32. Kf1 Ke6 33. Ke2 Kd5 34. b3 Ne5 35. Nf4+ Kc6 36. Ke3 Bc5+ 37. Ke4 Kd6 38. f3 g5 39. Nh5 g6 40.
Nf6 Nc6 41. g4 Ne7 42. Ne8+ Kd7 43. Nf6+ Ke6 44. Ne8 Nd5 45. c4 Nf4 46. Nc7+ Kd6 47. Ne8+ Ke7 48. Nc7 Nxh3 49. Kd5 Bb4 50. c5 Nf4+ 51. Kc6 h5 0-1

[Event "*** SCC Grand Prix: Titled Tuesday Blitz"]
[Site "Chess.com"]
[Date "2020.06.02"]
[Round "3"]
[White "Nastya_Rakhmangulova"]
[Black "VladimirBugayev"]
[Result "1-0"]
[WhiteElo "2338"]
[BlackElo "2147"]
[TimeControl "180+1"]
[EndTime "10:29:28 PDT"]
[Termination "Nastya_Rakhmangulova won on time"]

1. e4 c6 2. d4 d5 3. Nc3 dxe4 4. Nxe4 Bf5 5. Ng3 Bg6 6. h4 h6 7. Nf3 Nd7 8. h5 Bh7 9. Bd3 Bxd3 10. Qxd3 e6 11. Bf4 Qa5+ 12. Bd2 Bb4 13. c3 Be7 14. c4 Qc7 15. O-O-O Ngf6 16. Ne4 b5 17. Nxf6+ Nxf6 18. c5 O-O-O 19. Qa3 Rd5 20. Ne5 Bxc5 21. Qa6+ Qb7 22.
Qxc6+ Qxc6 23. Nxc6 Bd6 24. Kb1 Kd7 25. Rc1 a6 26. g4 Rc8 27. Na5 Rxc1+ 28. Bxc1 Nxg4 29. Rg1 Nxf2 30. Rxg7 Ke7 31. Bxh6 Rxh5 32. Bg5+ Kf8 33.
Bf6 Be7 34. Rg2 Bxf6 35. Rxf2 Bxd4 36. Rd2 e5 37. Nc6 Rh4 38. Kc2 Ke8 39. Nb4 Bxb2 40.
Nd3 Bd4 41. Re2 f6 42. Nb4 a5 43. Nc6 a4 44. Kd3 Kd7 45. Na5 Rh3+ 46. Ke4 Ra3 47. Kf5 Kd6 48. Nb7+ 1-0

[Event "*** SCC Grand Prix: Titled Tuesday Blitz"]
[Site "Chess.com"]
[Date "2020.06.02"]
[Round "3"]
[White "jaskol95"]
[Black "Unknown_IM"]
[Result "0-1"]
[WhiteElo "2272"]
[BlackElo "2513"]
[TimeControl "180+1"]
[EndTime "10:29:29 PDT"]
[Termination "Unknown_IM won by checkmate"]

1. d4 Nf6 2. c4 e6 3. Nf3 c5 4. d5 exd5 5. cxd5 d6 6. Nc3 g6 7. Bf4 Bg7 8. e3 O-O 9. h3 a6 10. a4 Re8 11. Nd2 Nbd7 12. Nc4 Ne4 13. Nxe4 Rxe4 14. Bd3 Rxc4 15. Bxc4 Bxb2 16. Rb1 Bc3+ 17.
Kf1 Nb6 18. Qb3 Bb4 19. g3 Bf5 20. Rd1 Be4 21. Rg1 Qd7 22. g4 Nxa4 23. Bd3 Bf3 24. Be2 Bxe2+ 25. Kxe2 Nc3+ 26. Kf3 Nxd1 27. Rxd1 a5 28.
Qb2 f5 29. g5 a4 30. h4 a3 31. Qa1 Qe7 32. h5 gxh5 33. g6 hxg6 34. Rg1 Qe4+ 35. Ke2 Kf7 36. Bxd6 Qxd5 37. Bf4 Qc4+ 38. Kf3 Qe4+ 39. Kg3 a2 40. Rd1 h4+ 41. Kh2 c4 42. Rd7+ Be7 43. Bg5 Re8 44. Qxa2 h3 45. Kxh3 Qg4+ 46. Kh2 Rh8+ 47. Bh4 Rxh4# 0-1